Map: Acropolis LE

Players

Harstem - Winner!

  • Race: Protoss Protoss
  • Spawn Location: 5:00

Fallenger

  • Race: Zerg Zerg
  • Spawn Location: 11:00

Event: 2019 WCS Summer

VOD

Have the link to the VOD?

Description

Time

  • Played on: July 12, 2019, 6:14 a.m.
  • Length: 9:01

All games in this series

Show
View Real Time Build Order
Export as new Build Order

Harstem Protoss - Winner!

Build Orders: 1 Gate Expand, Zealot Archon, Archon Drop 

Get SALT Encoding   

  12  0:00  Probe  
  13  0:14  Probe  
  13  0:18  Pylon  
  14  0:26  Probe  
  15  0:35  Probe  
  15  0:37  Gateway  
  16  0:43  Probe  
  16  0:48  Assimilator  
  17  0:52  Probe  
  18  1:05  Probe  
  19  1:23  Cybernetics Core  
  19  1:32  Nexus  
  19  1:38  Pylon  
  19  1:40  Probe  
  20  1:49  Adept  
  20  1:50  Assimilator  
  20  1:53  Probe  
  23  2:03  Warp Gate  
  23  2:05  Probe  
  24  2:10  Adept  
  24  2:17  Probe  
  27  2:29  Probe  
  28  2:41  Probe  
  28  2:43  Twilight Council  
  29  2:44  Probe  
  29  2:50  Stalker  
  32  2:53  Probe  
  32  2:56  Probe  
  34  3:00  Resonating Glaives  
  34  3:01  Gateway  
  34  3:05  Probe  
  35  3:09  Probe  
  36  3:17  Probe  
  37  3:20  Gateway  
  37  3:21  Probe  
  38  3:29  Probe  
  38  3:31  Robotics Facility  
  38  3:34  Probe  
  40  3:38  Pylon  
  40  3:41  Probe  
  40  3:45  Pylon  
  40  3:46  Probe  
  42  3:51  Adept  
  42  3:54  Probe  
  45  3:58  Probe, Pylon  
  45  4:02  Adept  
  48  4:06  Probe  
  48  4:08  Warp Prism  
  49  4:10  Probe  
  49  4:15  Adept x2  
  54  4:18  Probe  
  54  4:21  Assimilator  
  54  4:23  Adept  
  59  4:29  Dark Shrine  
  60  4:32  Assimilator  
  60  4:36  Adept  
  60  4:37  Adept  
  63  4:39  Probe x2  
  65  4:46  Pylon  
  65  4:51  Probe x2  
  67  4:58  Pylon  
  67  5:10  Adept x2  
  67  5:11  Adept  
  69  5:18  Probe  
  69  5:19  Probe  
  65  5:30  Probe  
  65  5:34  Immortal  
  62  5:37  Probe  
  62  5:40  Dark Templar  
  62  5:41  Dark Templar x2  
  62  5:42  Probe  
  65  5:53  Probe  
  64  5:58  Nexus  
  64  6:00  Immortal  
  64  6:09  Probe  
  64  6:11  Pylon  
  63  6:13  Forge  
  63  6:14  Dark Templar x2  
  63  6:17  Dark Templar  
  63  6:18  Archon  
  73  6:21  Probe x2  
  73  6:23  Archon, Gateway  
  75  6:33  Immortal  
  68  6:42  Probe x2  
  72  6:47  Zealot  
  72  6:49  Dark Templar  
  68  6:59  Probe  
  46  7:08  Zealot, Dark Templar  
  41  7:16  Probe  
  41  7:17  Zealot  
  41  7:19  Probe x2  
  39  7:23  Zealot  
  33  7:31  Zealot  
  33  7:34  Probe  
  36  7:39  Probe  
  36  7:43  Zealot  
  37  7:47  Probe x2  
  37  7:52  Probe  
  35  8:03  Zealot  
  36  8:06  Zealot  
  36  8:11  Sentry  
  33  8:15  Zealot  
  33  8:19  Probe  
  33  8:20  Probe  
  31  8:40  Zealot x2  
  33  8:44  Probe  
  33  8:45  Probe  
  33  8:47  Probe  
Show
View Real Time Build Order
Export as new Build Order

Fallenger Zerg 

Build Orders: Hatch First 

Get SALT Encoding   

  12  0:01  Drone  
  13  0:12  Overlord  
  13  0:17  Drone  
  14  0:32  Drone x2  
  16  0:35  Drone  
  17  0:52  Hatchery  
  17  0:55  Drone  
  17  0:58  Drone  
  18  1:04  Extractor  
  17  1:13  Spawning Pool  
  17  1:16  Drone  
  17  1:21  Drone  
  18  1:32  Drone  
  19  1:42  Drone  
  20  1:51  Overlord  
  20  2:00  Queen  
  22  2:03  Queen  
  22  2:04  Drone x2  
  26  2:10  Metabolic Boost  
  26  2:11  Drone  
  27  2:20  Drone  
  28  2:31  Zergling x2  
  28  2:33  Zergling x2  
  30  2:41  Extractor  
  30  2:42  Queen  
  31  2:45  Overlord  
  31  2:46  Drone x2  
  31  2:50  Hatchery  
  33  2:56  Drone x2  
  35  2:59  Drone  
  35  3:05  Drone  
  37  3:09  Zergling x4  
  37  3:10  Zergling x4  
  41  3:19  Drone x2  
  43  3:27  Drone  
  44  3:28  Overlord  
  44  3:30  Spore Crawler  
  44  3:33  Drone  
  44  3:49  Lair  
  44  3:50  Drone, Evolution Chamber, Overlord  
  44  3:51  Drone x2  
  44  3:53  Drone  
  44  3:54  Drone  
  47  4:04  Drone x2  
  47  4:05  Extractor x2  
  47  4:08  Drone, Roach Warren  
  48  4:10  Drone x2  
  48  4:12  Drone x2  
  48  4:13  Drone  
  52  4:19  Drone x2  
  52  4:23  Zerg Missile Weapons Level 1  
  54  4:24  Overlord  
  54  4:30  Zergling x6  
  57  4:47  Glial Reconstitution  
  57  4:49  Zergling x14, Roach x2  
  68  4:56  Roach x2  
  68  4:59  Overlord  
  72  5:00  Zergling x2  
  73  5:12  Roach  
  73  5:13  Roach x2  
  64  5:22  Roach x5  
  66  5:29  Zergling x8, Roach x2  
  68  5:42  Zergling x2  
  63  5:43  Zergling x4  
  64  5:51  Overseer  
  64  5:56  Roach x3  
  60  6:07  Zergling x4  
  61  6:14  Zergling x2  
  61  6:15  Zergling x2  
  63  6:27  Zergling x8  
  54  7:00  Roach x4  
  49  7:20  Zergling x12  
  42  7:34  Zergling x2  
  42  7:35  Zergling x2  
  37  7:57  Zergling x4  
  37  7:58  Zergling x2  
  26  8:13  Zergling x2  
  23  8:31  Zergling x4  
  20  8:42  Zergling x2  
Tags
 
Add a new tag
Caveats
  • Supply blocks, unpowered buildings, or Contaminate may cause inaccurate times.
  • Supply counts are checked every 10 seconds.